AoeStats
← DOBBY -.-

Team Islands

503734164Analyzed
4v4 RM · 1mo ago on Sep 2, 2026· 110m 45s· 8 players
Game mode
Random Map
Map size
242×242
Population
200
Speed
Normal
Resources
Standard
Victory
Conquest
Starting age
Dark Age
Ending age
Imperial Age
RankedLock teamsTeams togetherTeam positionsShared explorationLock speedFull tech treeHidden civsTurbo modeCheats
Victory
Defeat
🇦🇺 Spanish · Australia
832
+10
🇺🇸 Celts · United States
749
+14
🇺🇸 Malay · United States
721
+15
🇺🇸 Dravidians · United States
704
+16
🇦🇷 Byzantines · Argentina
715
-14
🇺🇸 Teutons · United States
709
-14
🇦🇷 Vikings · Argentina
694
-13
🇨🇴 Hindustanis · Colombia
681
-13
Alberto Picante
0:32 Loom
14:22 Feudal Age
15:54 Wheelbarrow
15:06 Double-Bit Axe
15:05 Horse Collar
15:20 Gold Mining
15:47 Fishing Lines
17:22 Stone Mining
23:27 Castle Age
22:28 Fletching
24:36 Medium Warships
24:47 Hand Cart
24:55 Bow Saw
28:54 Gillnets
33:14 Imperial Age
34:09 Forging
34:00 Scale Mail Armor
33:22 Pikeman
37:45 Bodkin Arrow
40:18 Two-Man Saw
39:22 Heavy Plow
42:15 Crop Rotation
41:50 Onager
43:07 Hoardings
42:53 Conscription
42:56 Ironclad
41:57 Elite Teutonic Knight
42:56 Chain Mail Armor
43:18 Caravan
43:48 Squires
43:34 Gambesons
43:35 Arson
43:12 Man-at-Arms
44:33 Iron Casting
45:06 Plate Mail Armor
44:02 Halberdier
46:08 Siege Engineers
47:04 Chemistry
46:16 Masonry
52:36 Capped Ram
53:40 Ballistics
53:31 Fortified Wall
53:44 Bombard Tower
57:09 Heavy Warships
60:16 Siege Onager
60:19 Heavy Scorpion
60:28 Long Swordsman
62:10 Blast Furnace
61:11 Padded Archer Armor
61:34 Crenellations
63:06 Heated Shot
63:31 Careening
63:34 Clinker Construction
DOBBY -.-
7:47 Loom
11:39 Feudal Age
15:26 Fletching
15:37 Padded Archer Armor
19:17 Castle Age
20:32 Double-Bit Axe
22:55 Leather Archer Armor
22:35 Bodkin Arrow
24:07 Medium Warships
29:59 Imperial Age
28:36 Ballistics
31:09 Heavy Warships
30:08 Elite Longship
31:36 Bow Saw
31:52 Bracer
35:17 Squires
34:38 Pikeman
37:08 Scale Mail Armor
38:39 Chain Mail Armor
38:35 Forging
45:07 Chemistry
47:18 Two-Man Saw
46:17 Gambesons
45:52 Man-at-Arms
47:08 Ring Archer Armor
47:14 Iron Casting
47:10 Plate Mail Armor
51:17 Long Swordsman
53:03 Blast Furnace
61:59 Bogsveigar
62:47 Caravan
70:07 Heavy Warships
73:58 Two-Handed Swordsman
74:25 Arson
79:14 Champion
84:53 Horse Collar
88:07 Heavy Plow
92:50 Coinage
mojarra
10:57 Feudal Age
17:17 Castle Age
15:14 Double-Bit Axe
19:50 Bow Saw
19:30 Horse Collar
23:15 Stone Mining
23:15 Gold Mining
24:55 Medium Warships
30:29 Gold Mining
31:14 Stone Shaft Mining
33:44 Wheelbarrow
33:52 Gold Shaft Mining
33:19 Heavy Plow
36:26 Imperial Age
35:55 Hand Cart
38:15 Chemistry
39:19 Grand Trunk Road
39:39 Conscription
40:43 Caravan
43:38 Shatagni
44:03 Ballistics
43:29 Heavy Camel Rider
60:44 Elite Ghulam
64:57 Imperial Camel Rider
69:55 Scale Barding Armor
69:50 Scale Mail Armor
70:00 Forging
Livakovic
5:14 Loom
10:24 Feudal Age
11:08 Horse Collar
11:16 Double-Bit Axe
19:09 Wheelbarrow
19:28 Wheelbarrow
22:14 Castle Age
21:28 Gold Mining
23:06 Bow Saw
22:58 Heavy Plow
25:13 Gold Shaft Mining
24:44 Stone Mining
24:57 Stone Mining
31:31 Hand Cart
32:46 Forging
32:26 Fletching
37:00 Imperial Age
35:01 Hand Cart
34:59 Treadmill Crane
35:40 Ballistics
35:17 Murder Holes
35:32 Fortified Wall
39:26 Chemistry
38:25 Pikeman
39:06 Squires
38:54 Arson
39:14 Bodkin Arrow
39:23 Scale Mail Armor
38:46 Pikeman
39:26 Squires
39:12 Arson
39:58 Conscription
40:14 Hoardings
40:24 Iron Casting
40:39 Bracer
40:55 Chain Mail Armor
41:04 Halberdier
42:24 Scale Barding Armor
47:57 Bombard Tower
50:29 Plate Mail Armor
50:00 Padded Archer Armor
52:17 Greek Fire
54:36 Two-Man Saw
54:09 Crop Rotation
55:55 Leather Archer Armor
60:13 Stone Shaft Mining
62:10 Shipwright
62:03 Clinker Construction
62:05 Careening
69:07 Medium Warships
71:39 Siphons
72:04 Carvel Hull
72:06 Dry Dock
77:30 Heavy Camel Rider
78:34 Chain Barding Armor
78:24 Husbandry
A BABY GERBIL
1:03 Loom
14:32 Feudal Age
15:12 Double-Bit Axe
15:41 Gold Mining
15:43 Stone Mining
15:58 Fishing Lines
17:50 Forging
17:42 Scale Mail Armor
17:32 Fletching
22:23 Castle Age
21:11 Padded Archer Armor
21:16 Scale Barding Armor
23:47 Gillnets
24:08 Medium Warships
24:14 Medium Warships
24:10 Horse Collar
24:46 Bow Saw
24:37 Bodkin Arrow
25:17 Iron Casting
24:57 Chain Mail Armor
26:24 Chain Mail Armor
26:17 Heavy Plow
27:45 Murder Holes
28:01 Clinker Construction
28:02 Careening
29:28 Siphons
31:16 Wheelbarrow
32:41 Heated Shot
35:36 Caravan
36:27 Ballistics
37:16 Hand Cart
37:29 Medical Corps
37:49 Chain Barding Armor
40:53 Imperial Age
38:47 Squires
38:33 Arson
39:48 Husbandry
43:11 Blast Furnace
42:43 Plate Mail Armor
42:14 Bracer
42:40 Conscription
43:55 Wootz Steel
47:37 Elite Urumi Swordsman
49:23 Arrowslits
50:02 Carvel Hull
50:08 Dry Dock
50:58 Leather Archer Armor
51:29 Elite Skirmisher
54:20 Ring Archer Armor
58:36 Chemistry
63:22 Hoardings
72:34 Thumb Ring
71:56 Elite Elephant Archer
88:07 Siege Elephant
92:58 Arrowslits
99:12 Pikeman
106:32 Halberdier
RESIST
12:29 Feudal Age
12:59 Wheelbarrow
12:10 Loom
12:21 Double-Bit Axe
14:10 Fishing Lines
18:44 Castle Age
18:57 Bow Saw
19:07 Gillnets
22:49 Hand Cart
26:19 Town Watch
27:44 Horse Collar
29:40 Heavy Plow
31:15 Clinker Construction
31:18 Careening
31:18 Siphons
35:45 Imperial Age
34:42 Husbandry
34:59 Gold Mining
34:59 Stone Mining
35:28 Town Patrol
35:52 Conscription
36:00 Thalassocracy
37:49 Stone Shaft Mining
37:50 Gold Shaft Mining
37:56 Medium Warships
37:13 Elite Karambit Warrior
39:15 Forced Levy
38:43 Pikeman
39:24 Squires
39:10 Arson
40:45 Forging
40:25 Fletching
40:36 Padded Archer Armor
40:42 Scale Barding Armor
40:20 Halberdier
40:41 Elite Skirmisher
41:27 Thumb Ring
43:08 Iron Casting
42:28 Bodkin Arrow
42:49 Leather Archer Armor
43:48 Chemistry
43:09 Ballistics
42:30 Treadmill Crane
43:01 Masonry
42:47 Murder Holes
42:58 Siege Engineers
45:00 Murder Holes
55:08 Blast Furnace
54:08 Bracer
54:39 Ring Archer Armor
56:53 Heavy Warships
63:28 Bombard Tower
63:00 Heated Shot
63:01 Guard Tower
63:34 Dry Dock
63:35 Carvel Hull
70:07 Elite Cannon Galleon
71:17 Shipwright
71:34 Keep
77:06 Man-at-Arms
81:00 Caravan
81:05 Man-at-Arms
82:28 Long Swordsman
83:20 Two-Handed Swordsman
84:45 Cavalier
92:14 Crossbowman
97:26 Arbalester
Elthes
4:51 Loom
13:50 Feudal Age
14:40 Horse Collar
14:54 Double-Bit Axe
16:24 Gold Mining
17:52 Wheelbarrow
18:37 Fishing Lines
24:55 Castle Age
25:00 Demolition Ship
26:06 Medium Warships
26:20 Bow Saw
26:17 Heavy Plow
26:55 Gold Shaft Mining
26:45 Gillnets
26:57 Heated Shot
31:01 Arson
32:24 Hand Cart
32:38 Pikeman
37:23 Imperial Age
36:25 Scale Barding Armor
36:30 Forging
35:57 Man-at-Arms
40:36 Siege Engineers
40:39 Long Swordsman
41:03 Treadmill Crane
41:28 Scale Mail Armor
41:48 Two-Handed Swordsman
43:27 Fletching
44:13 Iron Casting
44:46 Husbandry
45:19 Caravan
48:05 Chain Barding Armor
47:09 Cavalier
49:24 Blast Furnace
48:27 Stone Mining
50:47 Stone Shaft Mining
55:08 Ballistics
57:43 Conscription
59:35 Masonry
59:08 Heavy Demolition Ship
66:38 Stronghold
67:16 Chain Mail Armor
74:51 Light Cavalry
79:49 Elite Woad Raider
80:04 Heavy Scorpion
86:48 Capped Ram
87:41 Siege Ram
90:03 Champion
Anglo K
4:42 Loom
11:34 Feudal Age
13:34 Wheelbarrow
15:50 Castle Age
13:54 Horse Collar
14:26 Double-Bit Axe
18:41 Hand Cart
22:03 Heavy Plow
23:30 Bow Saw
24:47 Gold Mining
26:41 Caravan
28:01 Stone Mining
31:32 Imperial Age
29:09 Fletching
29:25 Scale Barding Armor
29:31 Forging
31:58 Chain Barding Armor
32:14 Iron Casting
31:35 Bodkin Arrow
31:41 Padded Archer Armor
31:47 Elite Conquistador
32:55 Supremacy
32:56 Conscription
33:24 Stone Shaft Mining
34:03 Two-Man Saw
34:45 Chemistry
34:06 Ballistics
34:55 Blast Furnace
36:09 Bloodlines
35:59 Husbandry
35:20 Cavalier
36:40 Plate Barding Armor
36:05 Bracer
36:21 Leather Archer Armor
36:07 Scale Mail Armor
35:30 Pikeman
36:10 Squires
37:33 Careening
37:35 Clinker Construction
37:54 Shipwright
37:41 Siphons
37:50 Masonry
38:07 Bombard Tower
38:10 Halberdier
40:19 Paladin
53:30 Ring Archer Armor
53:15 Chain Mail Armor
57:54 Plate Mail Armor
64:40 Demolition Ship
65:31 Medium Warships
64:42 Elite Cannon Galleon
66:07 Heavy Demolition Ship
69:13 Dry Dock
69:14 Carvel Hull
69:27 Architecture
69:30 Heavy Warships
92:20 Light Cavalry
95:01 Hussar
Connection lost

Rejoining the realm…

Still unreachable

The connection could not be restored.

Session expired

The server has moved on; the page needs a fresh start.